[ PARTIDA AOE2 · #466015243 ]
UnrankedTártaros vs Portuguese
[ ANÁLISIS DE REPETICIÓN · EXTRAÍDO DE LA PARTIDA GRABADA ]
Feudal
10:12
Castillos
13:46
Imperial
29:43
| APM promedio | 40.8 |
| APM pico | 85 |
| eAPM promedio | 20.7 |
| Aldeanos / militares | 181 / 106 |
Foco
⚔️ 33.3% · 🌾 66.7%
Cavalry Archer ×92 · Scout Cavalry ×14 · Trade Cart ×7
Feudal
10:35
Castillos
14:05
Imperial
32:33
| APM promedio | 28.1 |
| APM pico | 50 |
| eAPM promedio | 17.8 |
| Aldeanos / militares | 137 / 106 |
Foco
⚔️ 40.8% · 🌾 59.2%
Unknown (2550) ×114 · Spearman ×82 · Kamayuk ×7 · Battering Ram ×6 · Monk ×5 · Mangonel ×3
Feudal
11:21
Castillos
15:18
Imperial
29:25
| APM promedio | 27.4 |
| APM pico | 82 |
| eAPM promedio | 17.5 |
| Aldeanos / militares | 126 / 242 |
Foco
⚔️ 21.2% · 🌾 78.8%
Knight ×176 · Organ Gun ×48 · Scout Cavalry ×6 · Petard ×4 · Bombard Cannon ×4 · Trebuchet (Packed) ×4
Feudal
10:56
Castillos
14:24
Imperial
24:45
| APM promedio | 27.0 |
| APM pico | 84 |
| eAPM promedio | 16.6 |
| Aldeanos / militares | 101 / 77 |
Foco
⚔️ 27.7% · 🌾 72.3%
Archer ×25 · Scorpion ×19 · Janissary ×16 · Trebuchet (Packed) ×7 · Bombard Cannon ×5 · Petard ×3
Mapa de la partida
Recursos iniciales + cada clic de construcción. Líneas = muros · curvas = relieve. ◆ oro · ⬟ piedra · ● bayas · ✦ reliquia · ◌ hueco del cierre
Tu base· Abierta — flanco sin cerrar
Base de Elacrai· Abierta — flanco sin cerrar
Base de AlexTheKid· Abierta — flanco sin cerrar
Base de muirhead25· Abierta — flanco sin cerrar
Terreno inicial suavizado · ◌ = hueco del cierre detectado · pasá el cursor para detalles
Inputs por minuto
— Lord Ramsbottom - - Elacrai
Build order — Lord Ramsbottom
Primeras 150 de 482 acciones detectadas
| 0:02 | Crear | Villager (Male) ×4 |
| 0:04 | Construir | House |
| 0:06 | Construir | House |
| 1:36 | Crear | Villager (Male) |
| 1:36 | Crear | Villager (Male) |
| 1:52 | Construir | Lumber Camp |
| 2:00 | Crear | Villager (Male) |
| 2:20 | Crear | Villager (Male) |
| 2:50 | Crear | Villager (Male) |
| 2:50 | Crear | Villager (Male) |
| 3:07 | Crear | Villager (Male) |
| 3:07 | Crear | Villager (Male) |
| 3:40 | Crear | Villager (Male) |
| 3:54 | Construir | House |
| 4:01 | Crear | Villager (Male) |
| 4:23 | Construir | House |
| 4:41 | Crear | Villager (Male) |
| 4:41 | Crear | Villager (Male) |
| 5:02 | Construir | Mill |
| 5:07 | Crear | Villager (Male) |
| 5:07 | Crear | Villager (Male) |
| 5:53 | Crear | Villager (Male) |
| 5:54 | Crear | Villager (Male) |
| 5:54 | Crear | Villager (Male) |
| 6:05 | Crear | Villager (Male) |
| 7:36 | Crear | Villager (Male) |
| 7:43 | Construir | Mining Camp |
| 8:02 | Investigar | Feudal Age |
| 8:49 | Construir | Farm |
| 8:51 | Construir | Farm |
| 9:03 | Crear | Villager (Male) |
| 9:03 | Crear | Villager (Male) |
| 9:43 | Construir | House |
| 10:12 | Edad | Edad Feudal |
| 10:19 | Construir | Market |
| 10:21 | Construir | Blacksmith |
| 11:06 | Investigar | Castle Age |
| 11:43 | Investigar | Double-Bit Axe |
| 11:43 | Investigar | Double-Bit Axe |
| 12:28 | Construir | Barracks |
| 12:44 | Investigar | Horse Collar |
| 12:44 | Investigar | Horse Collar |
| 13:12 | Crear | Villager (Male) |
| 13:12 | Crear | Villager (Male) |
| 13:30 | Construir | Archery Range |
| 13:33 | Investigar | Fletching |
| 13:33 | Investigar | Fletching |
| 13:46 | Edad | Edad de los Castillos |
| 14:02 | Investigar | Bow Saw |
| 14:03 | Investigar | Bow Saw |
| 14:25 | Crear | Cavalry Archer |
| 14:34 | Construir | House |
| 14:38 | Crear | Villager (Male) |
| 15:12 | Crear | Villager (Male) |
| 15:19 | Construir | Town Center |
| 15:25 | Construir | House |
| 15:28 | Crear | Villager (Male) |
| 15:41 | Crear | Cavalry Archer |
| 15:48 | Crear | Villager (Male) |
| 16:11 | Construir | House |
| 16:14 | Investigar | Bodkin Arrow |
| 16:14 | Investigar | Bodkin Arrow |
| 16:20 | Crear | Cavalry Archer |
| 16:30 | Construir | Farm |
| 16:33 | Construir | Farm |
| 16:48 | Construir | House |
| 16:52 | Construir | Farm |
| 16:59 | Construir | Farm |
| 17:00 | Construir | Farm |
| 17:03 | Crear | Cavalry Archer |
| 17:13 | Crear | Villager (Male) |
| 17:27 | Crear | Villager (Male) |
| 17:29 | Construir | House |
| 17:41 | Crear | Villager (Male) |
| 17:42 | Crear | Villager (Male) |
| 17:44 | Crear | Cavalry Archer |
| 17:49 | Crear | Villager (Male) |
| 17:49 | Crear | Villager (Male) |
| 17:56 | Crear | Cavalry Archer |
| 17:58 | Crear | Villager (Male) |
| 18:21 | Crear | Villager (Male) |
| 18:21 | Crear | Villager (Male) |
| 18:24 | Construir | House |
| 18:34 | Crear | Villager (Male) |
| 18:35 | Crear | Villager (Male) |
| 18:39 | Construir | Town Center |
| 18:42 | Crear | Villager (Male) |
| 19:07 | Crear | Villager (Male) |
| 19:09 | Crear | Cavalry Archer |
| 19:14 | Construir | House |
| 19:22 | Crear | Villager (Male) |
| 19:23 | Crear | Cavalry Archer |
| 19:24 | Crear | Villager (Male) |
| 19:44 | Construir | Farm |
| 19:54 | Crear | Villager (Male) |
| 19:55 | Crear | Cavalry Archer |
| 19:55 | Crear | Cavalry Archer |
| 19:59 | Crear | Villager (Male) |
| 20:01 | Construir | House |
| 20:05 | Construir | Farm |
| 20:11 | Construir | Farm |
| 20:13 | Construir | Farm |
| 20:29 | Crear | Villager (Male) |
| 20:30 | Crear | Cavalry Archer |
| 20:38 | Crear | Cavalry Archer |
| 20:38 | Crear | Cavalry Archer |
| 20:43 | Construir | Farm |
| 20:48 | Crear | Villager (Male) |
| 20:49 | Crear | Cavalry Archer |
| 20:59 | Crear | Villager (Male) |
| 21:00 | Crear | Cavalry Archer |
| 21:00 | Crear | Cavalry Archer |
| 21:03 | Construir | House |
| 21:08 | Construir | Farm |
| 21:08 | Construir | Farm |
| 21:08 | Construir | Farm |
| 21:08 | Construir | Farm |
| 21:10 | Construir | Farm |
| 21:11 | Crear | Villager (Male) |
| 21:41 | Crear | Villager (Male) |
| 21:55 | Crear | Villager (Male) |
| 21:56 | Crear | Cavalry Archer |
| 21:57 | Crear | Cavalry Archer |
| 21:59 | Investigar | Heavy Plow |
| 22:11 | Construir | Farm |
| 22:13 | Construir | House |
| 22:16 | Construir | Farm |
| 22:17 | Construir | Farm |
| 22:21 | Crear | Villager (Male) |
| 22:21 | Crear | Villager (Male) |
| 22:38 | Crear | Villager (Male) |
| 22:38 | Crear | Villager (Male) |
| 22:45 | Construir | Farm |
| 22:45 | Construir | Farm |
| 22:45 | Construir | Farm |
| 22:47 | Crear | Villager (Male) |
| 22:48 | Crear | Cavalry Archer |
| 22:56 | Construir | Farm |
| 23:00 | Crear | Villager (Male) |
| 23:00 | Crear | Villager (Male) |
| 23:00 | Crear | Cavalry Archer |
| 23:12 | Crear | Villager (Male) |
| 23:13 | Crear | Cavalry Archer |
| 23:14 | Crear | Cavalry Archer |
| 23:20 | Crear | Villager (Male) |
| 23:22 | Construir | Farm |
| 23:24 | Construir | Farm |
| 23:33 | Crear | Villager (Male) |
| 23:35 | Construir | House |
| 23:40 | Construir | Farm |
Build order — Elacrai
Primeras 150 de 359 acciones detectadas
| 0:00 | Crear | Villager (Male) |
| 0:01 | Crear | Villager (Male) |
| 0:01 | Crear | Villager (Male) |
| 0:02 | Construir | House |
| 0:05 | Construir | House |
| 0:53 | Crear | Villager (Male) |
| 1:37 | Crear | Villager (Male) |
| 1:37 | Crear | Villager (Male) |
| 2:04 | Crear | Villager (Male) |
| 2:28 | Construir | Settlement |
| 2:35 | Crear | Villager (Male) |
| 2:35 | Crear | Villager (Male) |
| 3:23 | Crear | Villager (Male) |
| 3:23 | Crear | Villager (Male) |
| 3:33 | Crear | Villager (Male) |
| 3:33 | Crear | Villager (Male) |
| 4:08 | Crear | Villager (Male) |
| 4:08 | Crear | Villager (Male) |
| 5:00 | Crear | Villager (Male) |
| 5:30 | Crear | Villager (Male) |
| 5:52 | Crear | Villager (Male) |
| 5:53 | Crear | Villager (Male) |
| 6:21 | Construir | Settlement |
| 6:38 | Crear | Villager (Male) |
| 6:38 | Crear | Villager (Male) |
| 6:39 | Crear | Villager (Male) |
| 7:13 | Crear | Villager (Male) |
| 8:09 | Construir | Farm |
| 8:16 | Investigar | Feudal Age |
| 9:33 | Crear | Villager (Male) |
| 9:33 | Crear | Villager (Male) |
| 10:35 | Edad | Edad Feudal |
| 10:37 | Construir | Market |
| 10:38 | Construir | Blacksmith |
| 11:23 | Investigar | Castle Age |
| 11:23 | Investigar | Castle Age |
| 12:08 | Investigar | Double-Bit Axe |
| 12:17 | Construir | Farm |
| 12:18 | Construir | Farm |
| 12:20 | Construir | Farm |
| 12:23 | Construir | Farm |
| 12:33 | Construir | Farm |
| 12:43 | Investigar | Horse Collar |
| 14:05 | Edad | Edad de los Castillos |
| 14:07 | Construir | Town Center |
| 14:10 | Construir | Town Center |
| 14:12 | Crear | Villager (Male) |
| 14:21 | Investigar | Bow Saw |
| 14:29 | Investigar | Heavy Plow |
| 14:48 | Crear | Villager (Male) |
| 15:14 | Crear | Villager (Male) |
| 15:16 | Investigar | Bow Saw |
| 15:18 | Crear | Villager (Male) |
| 15:52 | Construir | Stone Wall |
| 15:57 | Construir | Stone Wall |
| 16:01 | Crear | Villager (Male) |
| 16:02 | Crear | Villager (Male) |
| 16:10 | Crear | Villager (Male) |
| 16:10 | Crear | Villager (Male) |
| 16:16 | Construir | Monastery |
| 16:29 | Construir | Farm |
| 16:32 | Construir | Farm |
| 16:37 | Construir | Farm |
| 16:38 | Construir | Farm |
| 16:40 | Construir | Farm |
| 16:44 | Crear | Villager (Male) |
| 17:04 | Construir | House |
| 17:09 | Construir | House |
| 17:10 | Crear | Villager (Male) |
| 17:14 | Construir | Farm |
| 17:17 | Construir | Farm |
| 17:24 | Crear | Villager (Male) |
| 17:24 | Crear | Villager (Male) |
| 17:27 | Construir | Farm |
| 17:29 | Construir | Farm |
| 17:33 | Construir | Farm |
| 17:35 | Crear | Villager (Male) |
| 17:53 | Construir | Farm |
| 17:55 | Construir | Farm |
| 17:57 | Crear | Villager (Male) |
| 17:57 | Crear | Villager (Male) |
| 18:03 | Construir | House |
| 18:08 | Construir | Farm |
| 18:09 | Crear | Villager (Male) |
| 18:09 | Crear | Villager (Male) |
| 18:20 | Crear | Villager (Male) |
| 18:20 | Crear | Villager (Male) |
| 18:27 | Crear | Monk |
| 18:35 | Crear | Villager (Male) |
| 18:35 | Crear | Villager (Male) |
| 18:36 | Crear | Villager (Male) |
| 18:47 | Construir | Farm |
| 18:50 | Construir | Farm |
| 18:52 | Crear | Villager (Male) |
| 18:52 | Crear | Villager (Male) |
| 19:01 | Construir | Settlement |
| 19:03 | Crear | Villager (Male) |
| 19:11 | Crear | Villager (Male) |
| 19:18 | Crear | Villager (Male) |
| 19:27 | Crear | Villager (Male) |
| 19:27 | Crear | Villager (Male) |
| 19:43 | Crear | Villager (Male) |
| 19:43 | Crear | Villager (Male) |
| 19:44 | Crear | Monk |
| 20:02 | Crear | Villager (Male) |
| 20:02 | Crear | Villager (Male) |
| 20:02 | Crear | Villager (Male) |
| 20:17 | Crear | Villager (Male) |
| 20:17 | Crear | Villager (Male) |
| 20:26 | Construir | Siege Workshop |
| 20:30 | Crear | Villager (Male) |
| 20:30 | Crear | Villager (Male) |
| 20:35 | Crear | Villager (Male) |
| 20:35 | Crear | Villager (Male) |
| 20:44 | Construir | Farm |
| 20:44 | Construir | Farm |
| 20:44 | Construir | Farm |
| 20:45 | Construir | Farm |
| 20:45 | Construir | Farm |
| 20:47 | Construir | Farm |
| 20:47 | Construir | Farm |
| 20:50 | Investigar | Gold Mining |
| 21:10 | Crear | Villager (Male) |
| 21:10 | Crear | Villager (Male) |
| 21:11 | Crear | Monk |
| 21:13 | Crear | Villager (Male) |
| 21:13 | Crear | Villager (Male) |
| 21:25 | Crear | Villager (Male) |
| 21:25 | Crear | Villager (Male) |
| 21:33 | Construir | Farm |
| 21:34 | Construir | Farm |
| 21:44 | Crear | Mangonel |
| 21:44 | Crear | Mangonel |
| 21:45 | Crear | Villager (Male) |
| 21:45 | Crear | Villager (Male) |
| 21:56 | Crear | Villager (Male) |
| 21:56 | Crear | Villager (Male) |
| 22:02 | Crear | Villager (Male) |
| 22:03 | Crear | Villager (Male) |
| 22:06 | Crear | Villager (Male) |
| 22:06 | Crear | Villager (Male) |
| 22:15 | Crear | Villager (Male) |
| 22:15 | Crear | Villager (Male) |
| 22:38 | Construir | Settlement |
| 22:39 | Construir | Farm |
| 22:39 | Construir | Farm |
| 22:39 | Construir | Farm |
| 22:39 | Construir | Farm |
| 22:42 | Crear | Villager (Male) |
| 22:43 | Crear | Villager (Male) |
Build order — AlexTheKid
Primeras 150 de 346 acciones detectadas
| 0:01 | Crear | Villager (Male) |
| 0:01 | Crear | Villager (Male) |
| 0:01 | Crear | Villager (Male) |
| 0:02 | Crear | Villager (Male) |
| 0:04 | Construir | House |
| 0:05 | Construir | House |
| 1:23 | Crear | Villager (Male) |
| 1:52 | Construir | Lumber Camp |
| 2:06 | Crear | Villager (Male) |
| 2:06 | Crear | Villager (Male) |
| 2:28 | Crear | Villager (Male) |
| 2:28 | Crear | Villager (Male) |
| 2:51 | Crear | Villager (Male) |
| 3:04 | Crear | Villager (Male) |
| 3:34 | Crear | Villager (Male) |
| 3:34 | Crear | Villager (Male) |
| 3:56 | Construir | House |
| 3:57 | Construir | House |
| 3:58 | Construir | House |
| 4:04 | Crear | Villager (Male) |
| 4:23 | Construir | Mill |
| 4:32 | Crear | Villager (Male) |
| 4:32 | Crear | Villager (Male) |
| 4:50 | Crear | Villager (Male) |
| 4:51 | Crear | Villager (Male) |
| 5:02 | Crear | Villager (Male) |
| 5:42 | Crear | Villager (Male) |
| 5:43 | Crear | Villager (Male) |
| 5:57 | Crear | Villager (Male) |
| 5:57 | Crear | Villager (Male) |
| 6:24 | Crear | Villager (Male) |
| 6:24 | Crear | Villager (Male) |
| 6:48 | Crear | Villager (Male) |
| 6:49 | Crear | Villager (Male) |
| 6:49 | Crear | Villager (Male) |
| 7:44 | Crear | Villager (Male) |
| 8:09 | Crear | Villager (Male) |
| 8:31 | Construir | Mining Camp |
| 8:56 | Investigar | Feudal Age |
| 9:30 | Crear | Villager (Male) |
| 9:30 | Crear | Villager (Male) |
| 10:43 | Construir | Farm |
| 10:46 | Construir | Farm |
| 10:48 | Construir | Farm |
| 11:21 | Edad | Edad Feudal |
| 11:25 | Construir | Market |
| 11:28 | Construir | Blacksmith |
| 11:40 | Construir | House |
| 11:56 | Investigar | Loom |
| 12:15 | Construir | Mining Camp |
| 12:38 | Investigar | Castle Age |
| 12:39 | Investigar | Castle Age |
| 13:10 | Construir | House |
| 13:19 | Investigar | Double-Bit Axe |
| 13:27 | Construir | Farm |
| 13:30 | Construir | Farm |
| 13:33 | Construir | Farm |
| 14:11 | Crear | Villager (Male) |
| 14:40 | Investigar | Horse Collar |
| 15:18 | Edad | Edad de los Castillos |
| 15:22 | Construir | Town Center |
| 15:25 | Crear | Villager (Male) |
| 15:38 | Construir | Farm |
| 15:41 | Construir | Farm |
| 15:44 | Construir | Farm |
| 15:47 | Crear | Villager (Male) |
| 16:14 | Crear | Villager (Male) |
| 16:20 | Construir | Farm |
| 16:21 | Construir | Farm |
| 16:23 | Construir | Farm |
| 16:25 | Construir | Farm |
| 16:39 | Construir | House |
| 16:41 | Construir | House |
| 16:42 | Construir | House |
| 16:46 | Crear | Villager (Male) |
| 17:00 | Construir | House |
| 17:03 | Crear | Villager (Male) |
| 17:03 | Crear | Villager (Male) |
| 17:03 | Crear | Villager (Male) |
| 17:04 | Crear | Villager (Male) |
| 17:13 | Construir | Farm |
| 17:17 | Construir | Farm |
| 17:27 | Crear | Villager (Male) |
| 17:27 | Crear | Villager (Male) |
| 17:27 | Crear | Villager (Male) |
| 17:39 | Crear | Villager (Male) |
| 17:39 | Crear | Villager (Male) |
| 17:59 | Crear | Villager (Male) |
| 17:59 | Crear | Villager (Male) |
| 17:59 | Crear | Villager (Male) |
| 18:06 | Construir | Town Center |
| 18:45 | Crear | Villager (Male) |
| 18:45 | Crear | Villager (Male) |
| 18:45 | Crear | Villager (Male) |
| 18:51 | Construir | Farm |
| 18:53 | Crear | Villager (Male) |
| 18:55 | Construir | Farm |
| 19:00 | Construir | Farm |
| 19:05 | Construir | House |
| 19:07 | Construir | House |
| 19:11 | Construir | Farm |
| 19:14 | Crear | Villager (Male) |
| 19:14 | Crear | Villager (Male) |
| 19:30 | Construir | Farm |
| 19:32 | Crear | Villager (Male) |
| 19:32 | Crear | Villager (Male) |
| 19:32 | Crear | Villager (Male) |
| 19:42 | Crear | Villager (Male) |
| 19:52 | Construir | Farm |
| 19:55 | Construir | Farm |
| 19:59 | Crear | Villager (Male) |
| 20:08 | Crear | Villager (Male) |
| 20:14 | Crear | Villager (Male) |
| 20:14 | Crear | Villager (Male) |
| 20:30 | Construir | Farm |
| 20:33 | Construir | Farm |
| 20:40 | Crear | Villager (Male) |
| 20:41 | Crear | Villager (Male) |
| 20:43 | Construir | Farm |
| 20:53 | Crear | Villager (Male) |
| 20:53 | Crear | Villager (Male) |
| 20:57 | Construir | Farm |
| 21:00 | Construir | Farm |
| 21:16 | Crear | Villager (Male) |
| 21:16 | Crear | Villager (Male) |
| 21:24 | Investigar | Bow Saw |
| 21:24 | Investigar | Bow Saw |
| 21:26 | Crear | Villager (Male) |
| 21:26 | Crear | Villager (Male) |
| 21:40 | Crear | Villager (Male) |
| 21:41 | Crear | Villager (Male) |
| 21:47 | Construir | Farm |
| 22:04 | Investigar | Wheelbarrow |
| 22:07 | Crear | Villager (Male) |
| 22:15 | Crear | Villager (Male) |
| 22:15 | Crear | Villager (Male) |
| 22:15 | Crear | Villager (Male) |
| 22:21 | Construir | Farm |
| 22:24 | Construir | Farm |
| 22:29 | Construir | Farm |
| 22:35 | Construir | Farm |
| 22:38 | Crear | Villager (Male) |
| 22:39 | Crear | Villager (Male) |
| 22:39 | Crear | Villager (Male) |
| 22:39 | Crear | Villager (Male) |
| 22:43 | Construir | Castle |
| 23:08 | Crear | Villager (Male) |
| 23:09 | Crear | Villager (Male) |
| 23:12 | Investigar | Heavy Plow |
| 23:23 | Construir | House |
Build order — muirhead25
Primeras 150 de 279 acciones detectadas
| 0:01 | Crear | Villager (Male) |
| 0:01 | Crear | Villager (Male) |
| 0:02 | Crear | Villager (Male) |
| 0:02 | Crear | Villager (Male) |
| 0:02 | Crear | Villager (Male) |
| 0:04 | Construir | House |
| 0:07 | Construir | House |
| 1:25 | Crear | Villager (Male) |
| 1:59 | Crear | Villager (Male) |
| 2:18 | Construir | Lumber Camp |
| 2:26 | Construir | Lumber Camp |
| 2:31 | Crear | Villager (Male) |
| 2:52 | Crear | Villager (Male) |
| 2:52 | Crear | Villager (Male) |
| 2:53 | Crear | Villager (Male) |
| 3:04 | Crear | Villager (Male) |
| 3:45 | Crear | Villager (Male) |
| 3:56 | Construir | House |
| 3:57 | Construir | House |
| 3:58 | Construir | House |
| 4:04 | Crear | Villager (Male) |
| 4:42 | Crear | Villager (Male) |
| 5:08 | Crear | Villager (Male) |
| 5:14 | Construir | Mill |
| 5:42 | Crear | Villager (Male) |
| 5:55 | Crear | Villager (Male) |
| 6:19 | Construir | Farm |
| 6:21 | Crear | Villager (Male) |
| 6:24 | Construir | Farm |
| 6:40 | Construir | Farm |
| 7:04 | Crear | Villager (Male) |
| 7:23 | Crear | Villager (Male) |
| 7:25 | Crear | Villager (Male) |
| 7:25 | Crear | Villager (Male) |
| 8:08 | Investigar | Feudal Age |
| 8:14 | Construir | Mining Camp |
| 8:17 | Crear | Villager (Male) |
| 8:18 | Crear | Villager (Male) |
| 8:20 | Investigar | Loom |
| 10:56 | Edad | Edad Feudal |
| 10:58 | Construir | Market |
| 11:00 | Construir | Blacksmith |
| 11:06 | Construir | Mining Camp |
| 11:44 | Investigar | Castle Age |
| 11:44 | Investigar | Castle Age |
| 11:44 | Investigar | Castle Age |
| 12:00 | Construir | House |
| 12:06 | Investigar | Double-Bit Axe |
| 12:26 | Crear | Villager (Male) |
| 12:50 | Investigar | Gold Mining |
| 13:28 | Crear | Villager (Male) |
| 14:24 | Edad | Edad de los Castillos |
| 14:30 | Construir | Mill |
| 14:32 | Crear | Villager (Male) |
| 14:38 | Crear | Villager (Male) |
| 14:48 | Construir | Castle |
| 14:51 | Crear | Villager (Male) |
| 15:17 | Crear | Villager (Male) |
| 15:21 | Construir | Monastery |
| 15:58 | Crear | Villager (Male) |
| 16:10 | Crear | Janissary |
| 16:39 | Crear | Villager (Male) |
| 17:05 | Crear | Villager (Male) |
| 17:18 | Crear | Janissary |
| 17:20 | Crear | Janissary |
| 17:22 | Crear | Monk |
| 17:23 | Crear | Villager (Male) |
| 17:37 | Crear | Villager (Male) |
| 18:05 | Crear | Villager (Male) |
| 18:08 | Construir | Farm |
| 18:24 | Construir | Farm |
| 18:39 | Construir | Siege Workshop |
| 18:49 | Crear | Villager (Male) |
| 18:51 | Construir | Farm |
| 19:12 | Crear | Villager (Male) |
| 19:15 | Construir | Farm |
| 19:15 | Construir | Farm |
| 19:20 | Crear | Villager (Male) |
| 19:45 | Crear | Scorpion |
| 19:46 | Crear | Villager (Male) |
| 20:22 | Crear | Scorpion |
| 20:29 | Crear | Villager (Male) |
| 20:52 | Crear | Monk |
| 21:06 | Crear | Villager (Male) |
| 21:12 | Construir | Farm |
| 21:35 | Investigar | Imperial Age |
| 22:04 | Crear | Scorpion |
| 22:13 | Construir | Lumber Camp |
| 22:40 | Crear | Villager (Male) |
| 22:43 | Investigar | Fletching |
| 22:56 | Construir | University |
| 23:02 | Construir | House |
| 23:10 | Crear | Villager (Male) |
| 23:16 | Construir | Lumber Camp |
| 23:26 | Crear | Janissary |
| 23:26 | Crear | Janissary |
| 23:28 | Crear | Scorpion |
| 23:44 | Investigar | Ballistics |
| 23:44 | Investigar | Ballistics |
| 24:12 | Construir | Mining Camp |
| 24:45 | Edad | Edad Imperial |
| 24:46 | Crear | Bombard Cannon |
| 24:47 | Crear | Trebuchet (Packed) |
| 25:04 | Construir | House |
| 25:18 | Crear | Villager (Male) |
| 25:34 | Crear | Trebuchet (Packed) |
| 25:55 | Crear | Villager (Male) |
| 26:22 | Crear | Bombard Cannon |
| 26:52 | Crear | Scorpion |
| 27:18 | Crear | Villager (Male) |
| 27:18 | Crear | Villager (Male) |
| 27:38 | Crear | Scorpion |
| 27:41 | Crear | Trebuchet (Packed) |
| 27:56 | Crear | Villager (Male) |
| 28:32 | Crear | Janissary |
| 28:33 | Crear | Janissary |
| 28:33 | Crear | Janissary |
| 28:38 | Crear | Scorpion |
| 28:57 | Crear | Villager (Male) |
| 28:57 | Crear | Villager (Male) |
| 28:58 | Crear | Villager (Male) |
| 29:07 | Construir | Castle |
| 29:12 | Crear | Janissary |
| 29:12 | Crear | Janissary |
| 29:18 | Crear | Scorpion |
| 29:19 | Crear | Villager (Male) |
| 29:23 | Construir | House |
| 29:24 | Construir | House |
| 30:02 | Crear | Janissary |
| 30:02 | Crear | Janissary |
| 30:25 | Crear | Scorpion |
| 30:48 | Crear | Janissary |
| 30:50 | Crear | Scorpion |
| 31:02 | Crear | Scorpion |
| 31:03 | Crear | Villager (Male) |
| 31:04 | Crear | Villager (Male) |
| 31:10 | Crear | Villager (Male) |
| 31:11 | Crear | Villager (Male) |
| 31:17 | Crear | Janissary |
| 31:32 | Crear | Janissary |
| 31:43 | Construir | Castle |
| 31:46 | Crear | Scorpion |
| 31:49 | Crear | Janissary |
| 31:53 | Construir | Outpost |
| 32:11 | Crear | Villager (Male) |
| 32:11 | Crear | Villager (Male) |
| 32:12 | Crear | Villager (Male) |
| 32:16 | Construir | Farm |
| 32:29 | Construir | Castle |
| 32:29 | Crear | Trebuchet (Packed) |
Cronología de la partida
| 10:12 | Lord Ramsbottom · age_up feudal |
| 10:35 | Elacrai · age_up feudal |
| 10:56 | muirhead25 · age_up feudal |
| 11:21 | AlexTheKid · age_up feudal |
| 12:28 | Lord Ramsbottom · first_building Barracks |
| 13:30 | Lord Ramsbottom · first_building Archery Range |
| 13:46 | Lord Ramsbottom · age_up castle |
| 14:05 | Elacrai · age_up castle |
| 14:07 | muirhead25 · first_market_buy 100 stone |
| 14:24 | muirhead25 · age_up castle |
| 14:48 | muirhead25 · first_building Castle |
| 15:18 | AlexTheKid · age_up castle |
| 15:21 | muirhead25 · first_building Monastery |
| 15:52 | Elacrai · wall_segment Stone Wall x2 |
| 15:57 | Elacrai · wall_segment Stone Wall x2 |
| 16:16 | Elacrai · first_building Monastery |
| 18:39 | muirhead25 · first_building Siege Workshop |
| 20:26 | Elacrai · first_building Siege Workshop |
| 20:37 | AlexTheKid · tribute_sent a jugador 1 |
| 20:37 | AlexTheKid · tribute_sent a jugador 3 |
| 20:37 | AlexTheKid · tribute_sent a jugador 4 |
| 21:02 | muirhead25 · first_market_sell 100 wood |
| 22:43 | AlexTheKid · first_building Castle |
| 24:45 | muirhead25 · age_up imperial |
| 24:58 | AlexTheKid · first_building Barracks |
| 25:24 | AlexTheKid · tribute_sent a jugador 1 |
| 25:24 | AlexTheKid · tribute_sent a jugador 3 |
| 25:24 | AlexTheKid · tribute_sent a jugador 4 |
| 25:45 | Elacrai · first_building Barracks |
| 25:51 | Lord Ramsbottom · first_building Siege Workshop |
| 26:22 | AlexTheKid · first_building Stable |
| 26:27 | Lord Ramsbottom · first_market_sell 100 food |
| 29:01 | Lord Ramsbottom · first_market_buy 100 stone |
| 29:25 | AlexTheKid · age_up imperial |
| 29:43 | Lord Ramsbottom · age_up imperial |
| 30:36 | AlexTheKid · first_market_sell 100 stone |
| 30:56 | Lord Ramsbottom · first_building Stable |
| 31:32 | Elacrai · first_building Castle |
| 32:33 | Elacrai · age_up imperial |
| 36:18 | Lord Ramsbottom · wall_segment Stone Wall x4 |
| 36:25 | Elacrai · first_building Archery Range |
| 37:13 | Lord Ramsbottom · wall_segment Stone Wall x4 |
| 38:01 | Lord Ramsbottom · wall_segment Stone Wall x3 |
| 38:37 | Lord Ramsbottom · wall_segment Stone Wall x5 |
| 38:40 | Lord Ramsbottom · wall_segment Stone Wall x4 |
| 38:45 | muirhead25 · first_building Barracks |
| 39:00 | Lord Ramsbottom · first_building Castle |
| 39:21 | Elacrai · wall_segment Stone Wall x21 |
| 39:54 | muirhead25 · first_building Archery Range |
| 42:35 | Elacrai · first_market_buy 100 stone |
| 43:04 | AlexTheKid · first_building Siege Workshop |
| 44:42 | muirhead25 · wall_segment Stone Wall x1 |
| 44:47 | muirhead25 · wall_segment Stone Wall x2 |
| 45:22 | muirhead25 · resign |
[ ANÁLISIS IA · 1 CRÉDITO ]
¿Qué pasó realmente en esta partida?
Wolo.gg analiza cada decisión: build order, eco, micro, errores típicos por bracket. Análisis personalizado por WhatsApp o Discord en 30 segundos.
Guía civ
Tártaros
Perfil
Jugador #13655128